 Dungeon Sprint DCSS version 0.31-a0-408-gb642c7f9a3 (webtiles) character file.

Game seed: 10109881135000574074

296 shakesphere1979 the Cleaver (level 6, -8/99 HPs)
             Began as a Minotaur Berserker on July 29, 2023.
             Was a Priest of Trog.
             Mangled by a fire elemental (14 damage)
             ... summoned by a deep elf pyromancer
             ... in the Dungeon (Sprint III: "The Ten Rune Challenge").
             The game lasted 00:02:53 (433 turns).

shakesphere1979 the Cleaver (Minotaur Berserker)     Turns: 433, Time: 00:02:54

Health: -8/99      AC:  2    Str: 24    XL:     6   Next: 12%
Magic:  5/5        EV: 13    Int:  4    God:    Trog [***...]
Gold:   30         SH:  0    Dex:  9    Spells: 5/5 levels left

rFire   . . .        a - +0 hand axe
rCold   . . .        (no shield)
rNeg    . . .        b - +0 animal skin
rPois   .            (helmet restricted)
rElec   .            (no cloak)
rCorr   .            (no gloves)
SInv    .            (no boots)
Will    .....        (no amulet) Stlth
                     (no ring)
HPRegen 0.36/turn    (no ring)
MPRegen 0.09/turn

%: no teleportation
@: berserking, very quick
A: horns 2, retaliatory headbutt
a: Renounce Religion, Berserk, Trog's Hand


You were in the Dungeon.
You worshipped Trog.
Trog was most pleased with you.
You visited 1 branch You collected 30 gold pieces.

Inventory:

Hand Weapons
 a - a +0 hand axe (weapon)
Armour
 b - a +0 animal skin (worn)
Scrolls
 h - a scroll of blinking
 i - 2 scrolls of immolation {unknown}
 j - 4 scrolls of identify
Potions
 c - 2 potions of curing
 d - a potion of heal wounds
 e - a potion of haste
 f - 2 potions of magic
 g - a potion of berserk rage
 k - 2 potions of enlightenment
 l - a potion of cancellation {unknown}
 m - 5 potions of mutation


   Skills:
 + Level 9.8 Fighting
 + Level 10.6 Axes
 + Level 5.0 Armour
 + Level 5.7 Dodging
 + Level 0.2 Stealth


You had 5 spell levels left.
You didn't know any spells.
Your spell library was empty.

Dungeon Overview and Level Annotations

Branches:
Dungeon (1/1)

Altars:


Innate Abilities, Weirdness & Mutations

You have a pair of horns on your head.
You reflexively headbutt those who attack you in melee.


Message History

You slash the human!
The human is lightly wounded.
The human hits you with a +0 club!
You hit the human but do no damage.
The human is lightly wounded.
The human hits you with a +0 club!
You slash the human! Your headbutt misses the human.
The human is heavily wounded.
You closely miss the human.
The human is heavily wounded.
You slash the human! The human hits you with a +0 club!
You slash the human! You headbutt the human.
The human is almost dead.
You hit the human. The human hits you with a +0 club! The human hits you.
You miss the human.
The human is almost dead.
You closely miss the human. The human hits you with a +0 club!
* * * LOW HITPOINT WARNING * * *
You slash the human!
You feel the power of Trog in you as your rage grows.
You kill the human!
Trog accepts your kill.
You closely miss the human. The human hits you!
* * * LOW HITPOINT WARNING * * *
The deep elf pyromancer gestures wildly while chanting.
Your Fighting skill increases to level 9!
Your Axes skill increases to level 10!
Your Armour skill increases to level 5!
Your Dodging skill increases to level 5!
You have reached level 6!
You are too berserk!
You are too injured to fight recklessly!
You are too berserk!
You are too berserk!
You closely miss the human. Your headbutt misses the human.
The human is moderately wounded.
You miss the human. Your headbutt misses the human. You punch the human!
The human is heavily wounded.
The human misses you. The fire elemental hits you.
The fire elemental burns you!
You die...

...÷.#....~.♣♣♣♣.###'#'#
.....#...~~....♣.#...p..
.....#†.~~~~♣♣.♣.'.⌠p...
####'#..~≈≈~~~♣..#...###
.....#.~~≈~~~....# ⌠.#
.....#.~≈~~~....e# .#
...).#.~~~....☼p)# #
'#####.........E.#
...÷............@#
▓▓▓▓▓▓▓▓▓▓▓▓▓▓▓▓▓▓


You could see a deep elf pyromancer, a fire elemental (summoned) and a human
(strong).

Vanquished Creatures
  A scorpion (D)
  A water elemental (D)
  Jessica (D)
  2 humans (D)
  An endoplasm (D)
  A rat (D)
7 creatures vanquished.

Notes
Turn   | Place    | Note
-------+----------+-------------------------------------------
     0 | D        | shakesphere1979 the Minotaur Berserker began the quest for
                  | the Orb.
     0 | D        | Reached XP level 1. HP: 19/19 MP: 0/0
     7 | D        | Reached skill level 4 in Axes
    19 | D        | Noticed Jessica
    25 | D        | Killed Jessica
    25 | D        | Reached ** piety under Trog
    26 | D        | Reached skill level 5 in Fighting
    26 | D        | Reached skill level 5 in Axes
    26 | D        | Reached XP level 2. HP: 15/29 MP: 1/1
   136 | D        | Reached skill level 6 in Axes
   136 | D        | Reached XP level 3. HP: 17/37 MP: 2/2
   230 | D        | Noticed a scorpion
   236 | D        | Killed a scorpion
   237 | D        | Reached skill level 7 in Axes
   237 | D        | Reached XP level 4. HP: 47/47 MP: 3/3
   332 | D        | Noticed a water elemental
   340 | D        | Killed a water elemental
   341 | D        | Reached skill level 9 in Axes
   341 | D        | Reached XP level 5. HP: 55/55 MP: 4/4
   417 | D        | Noticed a human
   417 | D        | Noticed a human
   422 | D        | Noticed a deep elf pyromancer
   430 | D        | Killed a human
   430 | D        | Reached *** piety under Trog
   430 | D        | HP: 4/82 [human (12)]
   431 | D        | Reached skill level 10 in Axes
   431 | D        | Reached skill level 5 in Armour
   431 | D        | Reached skill level 5 in Dodging
   431 | D        | Reached XP level 6. HP: 5/66 MP: 5/5
   431 | D        | Noticed a fire elemental
   433 | D        | Mangled by a fire elemental

Illustrated notes

Levels and vault maps discovered:
D:        dungeon_sprint_mu [sprint_mu_entry_forest, sprint_mu_temple_rooms,
          sprint_mu_d1_horrors, sprint_mu_d2_genie, sprint_mu_d3_branching,
          sprint_mu_orc_legion, sprint_mu_elf_gauntlet, sprint_mu_hive_nellie,
          sprint_mu_lair_fedhas, sprint_mu_vaults_butterflies,
          sprint_mu_slime_circle, sprint_mu_swamp_cave, sprint_mu_shoals_archi,
          sprint_mu_blade_basic, sprint_mu_crypt_fortress,
          sprint_mu_tomb_spiral, sprint_mu_vestibule_basic,
          sprint_mu_gehenna_hellfire, sprint_mu_dis_giant,
          sprint_mu_tartarus_statrot, sprint_mu_cocytus_islands, sprint_mu_zot1]

Skill      XL: |  1  2  3  4  5 |
---------------+----------------+-----
Fighting       | 5 6 7 8 9 |  9.8
Axes           | 5 6 7 9 10 | 10.6
Armour         | 3 4 5 |  5.0
Dodging        | 3 4 5 |  5.7
Stealth        | |  0.2

Action                     |  1- 3 |  4- 6 || total
---------------------------+-------+-------++-------
  Melee: Hand axe          |    19 |    14 ||    33
         Headbutt          |     3 |     1 ||     4
         Punch             |       |     1 ||     1
 Invoke: Berserk           |     3 |     2 ||     5
 Armour: Animal skin       |       |     1 ||     1
  Dodge: Dodged            |    13 |     5 ||    18

Table legend: (Time is in decaauts)
 A = Elapsed time spent in this place.
 B = Non-inter-level travel time spent in this place.
 C = Inter-level travel time spent in this place.
 D = Time resting spent in this place.
 E = Time spent auto-exploring this place.
 F = Levels seen in this place.
 G = Mean time per level.
                   A        B        C        D        E       F      G
               +--------+--------+--------+--------+--------+-----+--------+
         Total |    469 |    469 |      0 |      0 |    173 |   1 |  469.0 |
       Dungeon |    469 |    469 |      0 |      0 |    173 |   1 |  469.0 |
               +--------+--------+--------+--------+--------+-----+--------+

Top non-repeatable levels by time:
       D: 469 daAuts
